 Dungeon Crawl Stone Soup version 0.30-b1-2-g02819fbbbe (webtiles) character file.

Game seed: 7777851293411649720

74188 snakesoul the Spry (level 15, -1/118 HPs)
             Began as a Djinni Conjurer on June 5, 2023.
             Was the Champion of Makhleb.
             Killed by an exploding fulminant prism (30 damage)
             ... on level 13 of the Dungeon on June 8, 2023.
             The game lasted 01:35:49 (18395 turns).

snakesoul the Spry (Djinni Conjurer)               Turns: 18395, Time: 01:35:50

Health: -1/118     AC: 10    Str:  6    XL:     15   Next: 93%
Gold:   1330       EV: 42    Int: 30    God:    Makhleb [******] SH:  0 Dex: 20

rFire   + . .        R - +7 scimitar "Raafap" {antimagic, rF- rN+ rCorr Int+3 Dex+4}
rCold   x . .        (no shield)
rNeg    + + .        x - +0 leather armour "Ytewnuaw" {rN+ Regen+ Dex+4}
rPois   ∞            V - +0 helmet
rElec   .            Y - +0 cloak
rCorr   +            i - +0 pair of gloves
SInv    .            (boots unavailable)
Will    +....        J - amulet of the acrobat
Stlth   ++           b - +4 ring of protection
HPRegen 1.19/turn    M - +5 ring of evasion
MPRegen 0.00/turn

%: acrobat, infuse magic (-2 HP)
@: acrobatic, flying
A: sickness immunity, fire resistance 2, cold vulnerability 1, float, innate
caster, HP casting, extra vitality 1
a: Renounce Religion, Minor Destruction, Lesser Servant of Makhleb, Major
Destruction, Greater Servant of Makhleb


You were on level 13 of the Dungeon.
You worshipped Makhleb.
Makhleb was exalted by your worship.
You visited 3 branches of the dungeon, and saw 19 of its levels.

You collected 1498 gold pieces.
You spent 168 gold pieces at shops.

Inventory:

Hand Weapons
 R - the +7 scimitar "Raafap" (weapon) {antimagic, rF- rN+ rCorr Int+3 Dex+4}
   (You found it on level 4 of the Lair of Beasts)

   Int:       It affects your intelligence (+3).
   Dex:       It affects your dexterity (+4).
   rF:        It makes you vulnerable to fire.
   rN:        It protects you from negative energy.
   rCorr:     It protects you from acid and corrosion.
Armour
 i - a +0 pair of gloves (worn)
 x - the +0 leather armour "Ytewnuaw" (worn) {rN+ Regen+ Dex+4}
   (You bought it in a shop on level 5 of the Dungeon)

   Dex:       It affects your dexterity (+4).
   rN:        It protects you from negative energy.
   Regen:     It increases your rate of health regeneration.
 V - a +0 helmet (worn)
 Y - a +0 cloak (worn)
Jewellery
 b - a +4 ring of protection (left hand)
 J - an amulet of the acrobat (around neck)
 M - a +5 ring of evasion (right hand)
 U - a ring of see invisible
Wands
 A - a wand of light (17)
 B - a wand of flame (14)
 C - a wand of polymorph (15)
 Q - a wand of roots (8)
 S - a wand of mindburst (26)
 T - a wand of digging (6)
 X - a wand of charming (3)
Scrolls
 c - 5 scrolls of fog
 d - 2 scrolls of fear
 f - 2 scrolls of magic mapping
 j - 6 scrolls of identify
 m - 5 scrolls of teleportation
 s - 5 scrolls of amnesia
 u - 2 scrolls of summoning
 v - 7 scrolls of blinking
 w - 2 scrolls of immolation
 D - a scroll of noise
 E - 3 scrolls of torment
 F - 8 scrolls of poison
 G - 4 scrolls of enchant armour
 H - a scroll of silence
 K - 4 scrolls of vulnerability
Potions
 e - 3 potions of mutation {unknown}
 g - 2 potions of flight {unknown}
 h - 5 potions of attraction {unknown}
 k - 6 potions of heal wounds {unknown}
 l - 8 potions of curing
 n - 2 potions of haste {unknown}
 p - 2 potions of resistance {unknown}
 q - a potion of berserk rage {unknown}
 r - 3 potions of degeneration {unknown}
 t - 3 potions of brilliance {unknown}
 z - 5 potions of might
 L - a potion of ambrosia {unknown}
 O - 2 potions of lignification {unknown}
 W - a potion of invisibility {unknown}


   Skills:
 + Level 14.6 Fighting
 + Level 16.0 Dodging
 - Level 1.5 Stealth
 + Level 13.3 Spellcasting
 + Level 6.3 Evocations


You knew the following spells:

 Your Spells              Type           Power      Damage    Failure   Level
a - Magic Dart            Conj           100%       1d8       0%          1
b - Searing Ray           Conj           100%       2d8       1%          2
c - Dazzling Flash        Conj/Hex       100%       N/A       1%          3
d - Fulminant Prism       Conj/Hex       39%        3d18      1%          4
e - Iskenderun's Mystic   Conj/Tloc      79%        2d16      1%          4
f - Foxfire               Conj/Fire      100%       2x1d9     0%          1
g - Wereblood             Tmut           79%        N/A       1%          2
h - Tukima's Dance        Hex            79%        N/A       1%          3
i - Mephitic Cloud        Conj/Pois/Air  79%        N/A       1%          3
j - Yara's Violent Unrav  Hex/Tmut       39%        3d16      1%          5
k - Blade Hands           Tmut           39%        N/A       1%          5
l - Death Channel         Necr           39%        N/A       2%          6
Your spell library was empty.

Dungeon Overview and Level Annotations

Branches:
Dungeon (13/15)            Temple (1/1) D:6            Lair (5/5) D:9
 Shoals (0/4) Lair:2       Spider (0/4) Lair:3        Slime (0/5) Lair:5
    Orc (0/2) D:12
 Vaults: D:13-14

Altars:
Ashenzari
Cheibriados
Dithmenos
Elyvilon
Fedhas
Gozag
Hepliaklqana
Makhleb
Nemelex Xobeh
Okawaru
Qazlal
Ru
Trog
Uskayaw
Wu Jian
Xom
Yredelemnul
Zin
The Shining One
Jiyva

Shops:
D:5 [[(([

Portals:
Trove: D:12 (give 16 scrolls of teleportation)

Annotations:
D:8 1 runed translucent door, MisterFreud's ghost, novice DrTm
D:11 3 runed translucent doors, exclusion: obsidian statue, Shirokaze's ghost, journeyman AtFi


Innate Abilities, Weirdness & Mutations

You are immune to sickness and miasma.
You are immune to poison.
Your flesh is very heat resistant. (rF++)
You are vulnerable to cold. (rC-)
You float through the air rather than walking.
You learn spells naturally, not from books.
Your magical power is your life essence.
You have superior vitality. (+4 MHP)


Message History

Unknown command.
Casting: Iskenderun's Mystic Blast (safe; 1% risk of failure)
Confirm with . or Enter, or press ? or * to list all spells.
Aiming: Fulminant Prism (safe; 1% risk of failure)
Press: ? - help, Dir - move target, f - boulder beetle
Aim: a boulder beetle (moderately wounded)
Okay, then.
Unknown command.
Casting: Fulminant Prism (safe; 1% risk of failure)
Confirm with . or Enter, or press ? or * to list all spells.
Aiming: Searing Ray (safe; 1% risk of failure)
Press: ? - help, Shift-Dir - straight line, f - boulder beetle
Aim: a boulder beetle (moderately wounded, 100% to hit)
The searing ray hits the boulder beetle!
The boulder beetle is heavily wounded. (Press . to maintain the ray.)
* * * LOW HITPOINT WARNING * * *
Casting: Searing Ray (safe; 1% risk of failure)
Confirm with . or Enter, or press ? or * to list all spells.
You erupt in a blast of force!
The mystic blast hits the boulder beetle!
The boulder beetle is heavily wounded.
The boulder beetle is knocked back by the mystic blast.
* * * LOW HITPOINT WARNING * * *
The boulder beetle leaps!
Casting: Iskenderun's Mystic Blast (safe; 1% risk of failure)
Confirm with . or Enter, or press ? or * to list all spells.
Aiming: Fulminant Prism (safe; 1% risk of failure)
Press: ? - help, Dir - move target, p - boulder beetle You conjure a prism of explosive energy!
* * * LOW HITPOINT WARNING * * *
A fulminant prism comes into view.
The boulder beetle bites your fulminant prism!
Your fulminant prism crackles loudly.
The boulder beetle completely misses you.
Your fulminant prism explodes!
The blast of energy engulfs the boulder beetle!!
The boulder beetle is almost dead.
The blast of energy engulfs you!!
You die...

o# #...# #.....)..# .#
#...# #........# .# #...#
#........# .# #...#
#.....)).# .# #...#
#......).# .# #...#
#....)...# .#######...#
#...(....#
...........######B..)....#
................@........#
##########################


You could see a boulder beetle.

Vanquished Creatures
  Rupert (D:11)
  An azure jelly (Lair:5)
  Azrael (D:12)
  Snorg (D:11)
  3 hydras
  Harold (Lair:2)
  A catoblepas (Lair:2)
  4 boulder beetles
  2 two-headed ogres
  2 centaur warriors (D:13)
  A tengu warrior (D:13)
  15 death yaks
  Urug (Lair:1)
  A skeletal warrior (D:13)
  A skyshark (Lair:3)
  A goliath frog (Lair:5)
  A pharaoh ant (Lair:3)
  Lodul (D:10)
  A deep elf pyromancer (D:12)
  An ugly thing (D:13)
  3 cyclopes
  4 merfolk sirens (Lair:2)
  10 elephants
  A manticore (D:13)
  6 black mambas
  A gargoyle (D:11)
  Maggie (D:6)
  2 rime drakes
  14 komodo dragons
  An unseen horror (D:11)
  A kobold demonologist (D:12)
  20 cane toads
  A troll (D:12)
  3 hornets
  2 tarantellas (Lair:3)
  2 tyrant leeches (Lair:5)
  2 polar bears
  4 dream sheep (Lair:2)
  13 blink frogs
  11 slime creatures
  A jumping spider (Lair:3)
  2 wraiths
  2 vampires
  7 wyverns
  5 fire elementals (D:12)
  7 dancing weapons
  Grum (D:9)
  4 basilisks
  42 yaks
  A steam dragon (D:10)
  14 vampire mosquitoes
  12 water moccasins
  2 acid dragons
  6 orc warriors
  2 black bears
  7 ogres
  2 ice beasts
  14 wolves
  6 centaurs
  A phantom (D:6)
  A kobold brigand (D:8)
  25 bullfrogs
  2 gnoll sergeants
  8 wights
  10 killer bees
  6 howler monkeys
  2 electric eels (Lair:5)
  A crimson imp (D:6)
  7 jellies
  6 hounds
  11 orc priests
  A sleepcap (D:5)
  An iguana (D:6)
  Natasha (thrice) (D:4)
  11 orc wizards
  A mummy (D:3)
  10 gnolls
  11 adders
  A shadow imp (D:7)
  3 white imps
  An ufetubus (D:4)
  5 worms
  5 dart slugs
  51 orcs
  6 bats
  8 endoplasms
  6 giant cockroaches
  5 goblins
  4 hobgoblins
  8 jackals (D:4)
  9 quokkas
  7 ball pythons
  2 frilled lizards
  10 kobolds
  10 rats
  A spectral orc (D:8)
  A bush (Lair:2)
  40 fulminant prisms
581 creatures vanquished.

Vanquished Creatures (collateral kills)
  A catoblepas (D:13)
  4 two-headed ogres
  A wraith (D:10)
  3 ogres (D:10)
  A centaur (D:7)
  A gnoll sergeant (D:11)
  2 wights (D:7)
  An orc priest (D:10)
  A gnoll bouda (D:4)
  An orc wizard (D:10)
  3 gnolls
  A worm (D:10)
  An orc (D:4)
  A rat (D:10)
22 creatures vanquished.

Vanquished Creatures (others)
  A dream sheep (Lair:2)
  5 dancing weapons
  4 bushes (Lair:2)
  A foxfire (Lair:1)
  450 fulminant prisms
  50 fungi
  124 plants
635 creatures vanquished.

Grand Total: 1238 creatures vanquished

Notes
Turn   | Place    | Note
-------+----------+-------------------------------------------
     0 | D:1      | snakesoul the Djinni Conjurer began the quest for the Orb.
     0 | D:1      | snakesoul set off with the following spells memorised:
                  | Magic Dart, Searing Ray, Dazzling Flash, Fulminant Prism,
                  | Iskenderun's Mystic Blast.
     0 | D:1      | Reached XP level 1. HP: 15/15 MP: 0/0
   121 | D:1      | Reached XP level 2. HP: 20/21 MP: 0/0
   479 | D:1      | Reached XP level 3. HP: 22/25 MP: 0/0
   479 | D:1      | Learned a level 1 spell: Foxfire
  1104 | D:2      | Reached XP level 4. HP: 28/31 MP: 0/0
  1778 | D:3      | Reached XP level 5. HP: 31/35 MP: 0/0
  1778 | D:3      | Learned a level 2 spell: Wereblood
  1955 | D:3      | Found a snail-covered altar of Cheibriados.
  1963 | D:3      | Reached skill level 5 in Spellcasting
  2686 | D:4      | Reached XP level 6. HP: 26/40 MP: 0/0
  2879 | D:4      | Noticed Natasha
  2883 | D:4      | Killed Natasha
  3055 | D:4      | Noticed Natasha
  3059 | D:4      | Killed Natasha
  3226 | D:4      | Reached XP level 7. HP: 2/45 MP: 0/0
  3226 | D:4      | Learned a level 3 spell: Tukima's Dance
  3426 | D:4      | Noticed Natasha
  3433 | D:4      | Killed Natasha
  3753 | D:5      | Entered Level 5 of the Dungeon
  3766 | D:5      | Found Bice's Antique Weapon Shop.
  3961 | D:5      | Found Leigyd's Armour Emporium.
  4180 | D:5      | Found Ahoec's Antique Armour Shop.
  4184 | D:5      | Bought a bronze leather armour for 168 gold pieces
  4184 | D:5      | Identified the +0 leather armour "Ytewnuaw" {rN+ Regen+
                  | Dex+4} (You bought it in a shop on level 5 of the Dungeon)
  4269 | D:5      | Found Puel Fast's Armour Shop.
  4291 | D:5      | Reached skill level 1 in Fighting
  4291 | D:5      | Reached XP level 8. HP: 30/52 MP: 0/0
  4335 | D:5      | Reached skill level 3 in Dodging
  4449 | D:5      | Found an ornate altar of the Wu Jian Council.
  4500 | D:5      | Found Peosuiw's Antique Weapon Shoppe.
  4767 | D:6      | Noticed Maggie
  4783 | D:6      | Killed Maggie
  4784 | D:6      | Reached skill level 4 in Dodging
  4784 | D:6      | Reached XP level 9. HP: 37/61 MP: 0/0
  4784 | D:6      | Learned a level 3 spell: Mephitic Cloud
  4859 | D:6      | Found a staircase to the Ecumenical Temple.
  4874 | D:6      | Reached skill level 5 in Dodging
  4879 | Temple   | Entered the Ecumenical Temple
  5135 | D:6      | Found a burning altar of Makhleb.
  5147 | D:6      | Became a worshipper of Makhleb the Destroyer
  5711 | D:7      | Identified the +8 rapier of Zin's Regard {heavy, Dex+2}
  5800 | D:7      | Noticed a hornet
  5813 | D:7      | Killed a hornet
  5814 | D:7      | Reached skill level 5 in Fighting
  5814 | D:7      | Reached skill level 6 in Dodging
  6475 | D:8      | Found a hazy altar of Hepliaklqana.
  6553 | D:8      | Found a hide-covered altar of Uskayaw.
  6556 | D:8      | Found a white marble altar of Elyvilon.
  6556 | D:8      | Found a glowing silver altar of Zin.
  6558 | D:8      | Found a white marble altar of Elyvilon.
  6558 | D:8      | Found a glowing silver altar of Zin.
  6558 | D:8      | Found a shimmering altar of Xom.
  6642 | D:8      | Reached XP level 10. HP: 71/72 MP: 0/0
  6648 | D:8      | Reached * piety under Makhleb
  6769 | D:8      | Reached skill level 7 in Dodging
  6927 | D:8      | Found a runed translucent door.
  6929 | D:8      | Noticed MisterFreud's ghost (novice DrTm)
  7140 | D:8      | Reached skill level 8 in Dodging
  7546 | D:9      | Noticed Grum
  7565 | D:9      | Killed Grum
  7727 | D:9      | Reached ** piety under Makhleb
  7728 | D:9      | Reached XP level 11. HP: 77/80 MP: 0/0
  7728 | D:9      | Learned a level 5 spell: Yara's Violent Unravelling
  7837 | D:9      | Reached skill level 9 in Dodging
  7900 | D:9      | Found a staircase to the Lair.
  8348 | Lair:1   | Entered Level 1 of the Lair of Beasts
  8377 | Lair:1   | Noticed a boulder beetle
  8974 | Lair:1   | Killed a boulder beetle
  9137 | Lair:1   | Reached skill level 10 in Dodging
  9213 | Lair:1   | Reached skill level 10 in Spellcasting
  9430 | Lair:1   | Reached XP level 12. HP: 90/90 MP: 0/0
  9737 | Lair:1   | Noticed Urug
  9746 | Lair:1   | Killed Urug
  9803 | Lair:2   | Reached skill level 11 in Dodging
  9806 | Lair:2   | Found a staircase to the Shoals.
  9814 | Lair:2   | Reached *** piety under Makhleb
  9822 | Lair:2   | Reached skill level 10 in Fighting
 10135 | Lair:2   | Noticed a death yak
 10139 | Lair:2   | Noticed a death yak
 10149 | Lair:2   | Noticed a death yak
 10166 | Lair:2   | Killed a death yak
 10436 | Lair:2   | Noticed Harold
 10446 | Lair:2   | Killed Harold
 10447 | Lair:2   | Reached skill level 12 in Dodging
 10487 | Lair:2   | Killed a death yak
 10488 | Lair:2   | Reached XP level 13. HP: 93/99 MP: 0/0
 10488 | Lair:2   | Learned a level 5 spell: Blade Hands
 10494 | Lair:2   | Noticed a catoblepas
 10511 | Lair:2   | Killed a catoblepas
 11057 | Lair:3   | Found a hole to the Spider Nest.
 11222 | Lair:3   | Reached **** piety under Makhleb
 11490 | Lair:3   | Reached skill level 13 in Dodging
 12779 | Lair:4   | Identified the +7 scimitar "Raafap" {antimagic, rF- rN+
                  | rCorr Int+3 Dex+4}
 13514 | Lair:5   | Entered Level 5 of the Lair of Beasts
 13589 | Lair:5   | Reached XP level 14. HP: 91/108 MP: 0/0
 13651 | Lair:5   | Reached skill level 14 in Dodging
 14377 | Lair:5   | Found a staircase to the Slime Pits.
 14377 | Lair:5   | Found a viscous altar of Jiyva.
 14425 | Lair:5   | Reached skill level 1 in Evocations
 14485 | Lair:5   | Reached ***** piety under Makhleb
 14503 | Lair:5   | Noticed an azure jelly
 14512 | Lair:5   | Killed an azure jelly
 14906 | Lair:5   | Reached skill level 15 in Dodging
 14934 | Lair:5   | Reached XP level 15. HP: 106/116 MP: 0/0
 14934 | Lair:5   | Learned a level 6 spell: Death Channel
 14970 | Lair:5   | Identified the +3 scimitar of Terror {venom, rElec Dex+4}
 15409 | Lair:5   | Identified the +0 scale mail of Wu Jian's Hatred {+Blink}
 15688 | D:10     | Entered Level 10 of the Dungeon
 15841 | D:10     | Noticed Lodul
 15851 | D:10     | Killed Lodul
 16191 | D:10     | Found a broken altar of Ashenzari.
 16192 | D:10     | Found an opulent altar of Gozag.
 16192 | D:10     | Found a sacrificial altar of Ru.
 16353 | D:10     | Found a bloodstained altar of Trog.
 16433 | D:11     | Found an opulent altar of Gozag.
 16824 | D:11     | Found a runed translucent gate.
 16824 | D:11     | Found a runed translucent gate.
 16824 | D:11     | Found a runed translucent gate.
 16824 | D:11     | Found an opulent altar of Gozag.
 16832 | D:11     | Noticed Shirokaze's ghost (journeyman AtFi)
 17339 | D:12     | Reached skill level 5 in Evocations
 17362 | D:12     | Reached ****** piety under Makhleb
 17372 | D:12     | Noticed Snorg
 17391 | D:11     | Killed Snorg
 17476 | D:12     | Noticed Rupert
 17476 | D:12     | Paralysed by Rupert for 3 turns
 17518 | D:11     | Killed Rupert
 17715 | D:12     | Found a staircase to the Orcish Mines.
 17783 | D:12     | Noticed Azrael
 17793 | D:12     | Killed Azrael
 17911 | D:12     | Found a portal to a secret trove of treasure.
 17994 | D:12     | Found the dreamshard necklace {*Dream Drain}
 18357 | D:13     | Reached skill level 16 in Dodging
 18395 | D:13     | Killed by an exploding fulminant prism

Illustrated notes

Levels and vault maps discovered:
D:1:      nzn_arrival_depleted_hourglass, layout_basic
D:2:      layout_basic, basic_altar
D:3:      layout_loops_cross, slow_altar_1, chequers_serial_rivers_large_b,
          nicolae_titane
D:4:      layout_basic, uniq_natasha
D:5:      layout_gridville, mainiacjoe_overflow_alcove_1, serial_shops,
          nicolae_shop_pleasant_corner_grove, kennysheep_little_box, shop,
          kennysheep_mini, nicolae_shop_behind_doors
D:6:      layout_cave_pools, lemuel_round_altar, makhleb_grotto_becter,
          minmay_temple_entry_sparse_star, uniq_maggie
D:7:      layout_basic
D:8:      layout_loops_corners, tgw_sif, nicolae_hepliaklqana_monster_ancestors,
          doesnt_xom_only_xom, ebering_ghost_inner_flame
D:9:      layout_long_grid, lair_entry_dummy, chequers_serial_rivers_micro_c,
          minmay_fractal_squares_diagonal_5, uniq_grum
D:10:     layout_basic, grunt_temple_overflow_open, tgw_trog, uniq_lodul
D:11:     layout_roguey, ebering_ghost_gozag, nicolae_gozag_seed_capital
D:12:     layout_big_octagon, hiddenorc2_lemuel, enter_trove_0, grunt_ogre_cave,
          uniq_azrael, uniq_snorg, uniq_rupert
D:13:     minmay_angry_zag, layout_long_grid, grunt_vaults_entry_tiered,
          uniq_frances
Temple:   minmay_temple_curvy_loop
Lair:1:   layout_gridlike, grunt_megastairs_1, serial_bayou_shore_b, uniq_urug
Lair:2:   layout_gridlike, elwin_shoals_entry_stream,
          nicolae_lair_grazing_beasts [nicolae_sub_lair_graze_edge,
          nicolae_sub_lair_graze_edge, nicolae_sub_lair_graze_edge,
          nicolae_sub_lair_graze_edge], uniq_harold
Lair:3:   layout_small_grid, nicolae_spider_entry_lesser_pyramids
Lair:4:   layout_regular_city, grunt_megastairs_3
Lair:5:   minmay_lair_end_frog_pond, layout_regular_city, slime_entry_1,
          nicolae_lair_time_for_slime

Skill      XL: |  1  2  3  4  5  6  7  8  9 10 11 12 13 14 15 |
---------------+----------------------------------------------+-----
Spellcasting   | 4 5 6 7 8 9 10 11 12 13 | 13.3
Fighting       | 1 3 5 7 9 11 12 13 14 | 14.6
Dodging        | 4 6 8 10 12 13 15 16 | 16.0
Evocations     | 3 6 |  6.3
Stealth        | |  1.5

Action                     |  1- 3 |  4- 6 |  7- 9 | 10-12 | 13-15 || total
---------------------------+-------+-------+-------+-------+-------++-------
  Melee: Broad axe         |       |       |       |     1 |       ||     1
         Great sword       |       |       |       |       |     2 ||     2
         Scimitar          |       |       |       |       |     2 ||     2
   Cast: Magic Dart        |    68 |   126 |   129 |    82 |    94 ||   499
         Searing Ray       |       |    14 |    24 |    98 |   152 ||   288
         Fulminant Prism   |       |     2 |    16 |   124 |   350 ||   492
         Tukima's Dance    |       |       |    16 |     5 |    16 ||    37
         Wereblood         |       |       |       |     1 |       ||     1
         Iskenderun's Myst |       |       |       |    10 |    23 ||    33
         Mephitic Cloud    |       |       |       |     3 |       ||     3
         Foxfire           |       |       |       |     1 |       ||     1
         Death Channel     |       |       |       |       |    15 ||    15
    Use: Scroll            |       |       |       |    14 |     3 ||    17
         Potion            |       |       |       |       |     1 ||     1
 Armour: Robe              |     2 |     9 |     5 |       |       ||    16
         Leather armour    |       |       |    16 |    25 |    47 ||    88
  Dodge: Dodged            |     2 |    23 |    47 |   171 |   469 ||   712
